 Dungeon Crawl Stone Soup version 0.32-a0-450-g080537f31e (webtiles) character file.

Game seed: 1644363945807596227

239876 CougarLife the Earth Mage (level 19, -16/112 HPs)
             Began as a Gargoyle Earth Elementalist on Feb 24, 2024.
             Was an Initiate of Gozag.
             Demolished by a sun demon (17 damage)
             ... on level 1 of the Depths.
             The game lasted 02:00:02 (65957 turns).

CougarLife the Earth Mage (GrEE)                   Turns: 65957, Time: 02:00:03

Health: -16/112    AC: 28    Str: 14      XL:     19   Next: 31%
Magic:  15/41      EV: 16    Int: 26 (28) God:    Gozag
Gold:   4238       SH:  0    Dex:  9 (10) Spells: 34/54 levels left

rFire   . . .        V - +7 lajatang of Order {silver, rMut}
rCold   . . .        (shield currently unavailable)
rNeg    + . .        C - +0 steam dragon scales
rPois   ∞            N - +2 helmet {SInv}
rElec   +            u - +1 cloak {Stlth+}
rCorr   .            D - +1 pair of gloves {hurl}
SInv    +            R - +1 pair of boots
Will    +....        j - amulet of the acrobat
Stlth   +            o - +6 ring of intelligence
HPRegen 0.38/turn    B - +5 ring of evasion
MPRegen 0.27/turn

%: acrobat, resist mutation
@: on fire, flying, glowing, studying Maces & Flails
A: sickness immunity, AC +14, big wings, negative energy resistance 1,
electricity resistance, torment resistance 1, petrification resistance
}: 2/15 runes: barnacled, gossamer
a: Renounce Religion, Potion Petition, Call Merchant, Bribe Branch


You were on level 1 of the Depths.
You worshipped Gozag.
Gozag was most pleased with you.
You visited 7 branches of the dungeon, and saw 32 of its levels.

You collected 10446 gold pieces.
You spent 4276 gold pieces at shops.
You paid 1932 gold pieces to Gozag.

Inventory:

Hand Weapons
 V - the +7 lajatang of Order (weapon) {silver, rMut}
   (You acquired it on level 2 of the Orcish Mines)

   rMut:      It protects you from mutation.
Missiles
 y - 3 throwing nets
 O - 6 curare-tipped darts
Armour
 u - a +1 cloak of stealth (worn)
 C - +0 steam dragon scales (worn)
 D - a +1 pair of gloves of hurling (worn)
 N - a +2 helmet of see invisible (worn)
 R - a +1 pair of boots (worn)
Jewellery
 j - an amulet of the acrobat (around neck)
 o - a +6 ring of intelligence (left hand)
 q - a ring of protection from fire
 x - a ring of ice
 B - a +5 ring of evasion (right hand)
 L - a ring of protection from cold
Wands
 b - a wand of roots (27)
 A - a wand of acid (23)
 I - a wand of polymorph (25)
 J - a wand of charming (11)
 U - a wand of digging (7)
Scrolls
 c - 4 scrolls of immolation
 e - 4 scrolls of poison
 g - 11 scrolls of teleportation
 i - 3 scrolls of enchant armour
 k - 4 scrolls of silence
 n - 5 scrolls of noise
 w - a scroll of torment
 F - 4 scrolls of vulnerability
 G - 2 scrolls of summoning
 K - a scroll of amnesia
 M - 3 scrolls of blinking
 S - 2 scrolls of fog
Potions
 a - 2 potions of resistance
 d - 5 potions of brilliance
 f - a potion of curing
 l - 10 potions of ambrosia
 p - 4 potions of enlightenment
 s - 4 potions of lignification
 t - 5 potions of might
 v - 2 potions of cancellation
 z - 4 potions of attraction
 E - 4 potions of mutation
 H - a potion of berserk rage
 P - 2 potions of invisibility
 T - a potion of haste


   Skills:
 - Level 10.1 Fighting
 - Level 1.5 Dodging
 - Level 2.1 Stealth
 + Level 18.0 Spellcasting
 - Level 17.2 Conjurations
 * Level 16.2 Fire Magic
 - Level 18.9 Earth Magic


You had 34 spell levels left.
You knew the following spells:

 Your Spells              Type           Power      Damage    Failure   Level
a - Sandblast             Erth           100%       2d20      0%          1
b - Stone Arrow           Conj/Erth      100%       3d13      0%          3
c - Bombard               Conj/Erth      43%        9d7       1%          6
d - Freezing Cloud        Conj/Ice/Air   26%        6-21      5%          5
e - Lee's Rapid Deconstr  Erth           44%        3d21*     1%          5

Your spell library contained the following spells:

 Spells                   Type           Power      Damage    Failure   Level
 Magic Dart               Conj           100%       1d8       0%          1
 Searing Ray              Conj           100%       2d8       0%          2
 Passwall                 Erth           89%        N/A       0%          3
 Brom's Barrelling Bould  Conj/Erth      87%        2d10      0%          4
 Necrotise                Necr           92%        1d8       1%          1
 Shock                    Conj/Air       100%       1d9       1%          1
 Slow                     Hex            92%        N/A       1%          1
 Dazzling Flash           Conj/Hex       100%       N/A       1%          3
 Inner Flame              Hex/Fire       60%        N/A       1%          3
 Mephitic Cloud           Conj/Alch/Air  52%        N/A       1%          3
 Animate Armour           Summ/Erth      100%       N/A       1%          4
 Fulminant Prism          Conj/Alch      31%        3d16      1%          4
 Petrify                  Alch/Erth      64%        N/A       1%          4
 Irradiate                Conj/Alch      31%        3d22      1%          5
 Iskenderun's Battlesphe  Conj           85%        2d13      1%          5
 Call Imp                 Summ           46%        N/A       3%          2
 Ensorcelled Hibernation  Hex/Ice        46%        N/A       3%          2
 Call Canine Familiar     Summ           23%        N/A       6%          3
 Confusing Touch          Hex            23%        N/A       6%          3
 Fugue of the Fallen      Necr           23%        N/A       6%          3
 Ozocubu's Armour         Ice            23%        N/A       6%          3
 Sigil of Binding         Hex            23%        N/A       6%          3
 Summon Ice Beast         Ice/Summ       23%        N/A       6%          3
 Swiftness                Air            23%        N/A       6%          3
 Vampiric Draining        Necr           23%        2d7       6%          3
 Ignition                 Fire           41%        3d12      17%         8
 Airstrike                Air            11%        2d(2-18)  21%         4
 Anguish                  Hex/Necr       11%        N/A       21%         4
 Dimensional Bullseye     Hex/Tloc       11%        N/A       21%         4
 Dispel Undead            Necr           23%        3d12      21%         4
 Martyr's Knell           Necr/Summ      23%        N/A       21%         4
 Summon Lightning Spire   Summ/Air       23%        N/A       21%         4
 Spellforged Servitor     Conj/Summ      31%        N/A       45%         7
 Curse of Agony           Necr           23%        N/A       50%         5
 Metabolic Englaciation   Hex/Ice        11%        N/A       50%         5
 Silence                  Hex/Air        11%        N/A       50%         5
 Summon Forest            Summ/Tloc      11%        N/A       50%         5
 Death Channel            Necr           11%        N/A       97%         6
 Eringya's Noxious Bog    Alch           11%        4d6       97%         6
 Sculpt Simulacrum        Ice/Alch       11%        N/A       97%         6
 Ozocubu's Refrigeration  Ice            11%        4d10      100%        7
 Summon Hydra             Summ           11%        N/A       100%        7
 Polar Vortex             Ice            11%        12d1*     100%        9
 Cigotuvi's Dreadful Rot  Necr/Alch/Air  Unusable   N/A       N/A         2
 Sublimation of Blood     Necr           Unusable   N/A       N/A         2

Dungeon Overview and Level Annotations

Branches:
Dungeon (15/15)            Temple (1/1) D:6            Lair (5/5) D:8
 Shoals (4/4) Lair:2       Spider (4/4) Lair:3        Slime (0/5) Lair:5
    Orc (2/2) D:9             Elf (0/3) Orc:2        Vaults (0/5) D:14
 Depths (1/4) D:15

Altars:
Ashenzari
Cheibriados
Dithmenos
Elyvilon
Fedhas
Gozag
Hepliaklqana
Kikubaaqudgha
Makhleb
Nemelex Xobeh
Okawaru
Qazlal
Ru
Sif Muna
Trog
Uskayaw
Vehumet
Wu Jian
Xom
Yredelemnul
Zin
The Shining One

Shops:
D:1 =[(   D:8 [   D:9 ?   D:11 :   D:15 [   Orc:1 *   Orc:2 !(!*   Lair:3 ?
Shoals:4 (   Spider:4 [

Annotations:
Lair:5 2 runed translucent doors


Innate Abilities, Weirdness & Mutations

You are immune to sickness and miasma.
Your stone body is resilient. (AC +14)
You are immune to poison.
Your large and strong wings let you fly.
You resist negative energy. (rN+)
You are resistant to electric shocks. (rElec)
You are resistant to unholy torment.
You are immune to petrification.


Message History

The iron shot hits the smoke demon!!!
You kill the smoke demon!
The liquid fire burns you!
A sun demon comes into view.
Casting: Bombard (mildly dangerous; 1% risk of failure)
Confirm with . or Enter, or press ? or * to list all spells.
Aiming: Bombard (mildly dangerous; 1% risk of failure)
Press: ? - help, Shift-Dir - straight line, f - sun demon
Aim: a sun demon (70% to hit)
Okay, then.
Casting: Bombard (mildly dangerous; 1% risk of failure)
Confirm with . or Enter, or press ? or * to list all spells.
Aiming: Freezing Cloud (dangerous; 5% risk of failure)
Press: ? - help, Dir - move target, f - sun demon
Aim: a sun demon The liquid fire burns you!
The sun demon is engulfed in freezing vapours. x2
You hit the sun demon.
The sun demon is heavily wounded.
The liquid fire burns you! The sun demon hits you.
You are engulfed in flames!
You hit the sun demon.
The sun demon is heavily wounded.
The liquid fire burns you! The sun demon closely misses you.
The sun demon hits you but does no damage.
You closely miss the sun demon.
The sun demon is heavily wounded.
The liquid fire burns you!
* * * LOW HITPOINT WARNING * * *
The sun demon misses you. The sun demon closely misses you.
You barely miss the sun demon.
The sun demon is heavily wounded.
The liquid fire burns you!
* * * LOW HITPOINT WARNING * * *
The sun demon hits you!
* * * LOW HITPOINT WARNING * * *
You are engulfed in flames!
You die...
Your body crumbles into a pile of gold.

#.# #.......#.....#...§§§§≈≈≈
#.# ####'########.#...§§≈§≈§.
#.# #..#.# #.#§§.≈≈3≈... #.#
##.###.#.# ##.#§§.§≈§§..3 #.#
#....#.#.# #○○'§§§§≈≈.... #.#
#....#.#.# #.§§§..3≈§..3. #.#
#....+...# #§§#...§§≈.... #.#
#...^#.######3§#..§.§§§.≈. #.#
#....#......@..#....≈§≈≈§≈
#.###....#########.#....≈≈≈≈≈§
............)......##....≈≈≈≈≈
..################..###..$.≈§§
### #....####.§.§
#.......########
#...............
####..#.######.# #..#.# #.#


You could see a sun demon.

Vanquished Creatures
  Nikola (Shoals:3)
  A lich (Depths:1)
  Jorgrun (Shoals:1)
  Mlioglotl (Shoals:1)
  3 krakens
  The ghost of HilariousDeathArtist the Warrior, an adept CoCA of Ignis (Spider:2)
  Agnes (D:14)
  Ilsuiw (Shoals:2)
  Donald (Shoals:2)
  A fire giant (Depths:1)
  9 emperor scorpions
  A ghost moth (Spider:3)
  A frost giant (Depths:1)
  5 very ugly things (Depths:1)
  A broodmother (Spider:1)
  3 stone giants
  A vampire knight (Depths:1)
  Nessos (D:14)
  4 spark wasps
  Snorg (D:11)
  An ettin (D:9)
  5 merfolk javelineers
  A vault guard (D:14)
  5 entropy weavers
  3 merfolk impalers (Shoals:4)
  Fannar (D:10)
  An ice dragon (Depths:1)
  3 rakshasas
  6 hydras
  2 jorogumos
  4 radroaches
  Erica (D:8)
  4 merfolk avatars
  A death knight (D:15)
  4 centaur warriors
  A deep troll shaman (Depths:1)
  3 satyrs
  22 two-headed ogres
  8 boulder beetles
  A dancing weapon (D:14)
  3 merfolk aquamancers
  4 ogre magi
  3 death yaks (Lair:4)
  5 tengu warriors
  2 deep troll earth magi (Depths:1)
  15 demonic crawlers
  2 hell knights (Depths:1)
  A spriggan berserker (Depths:1)
  A soul eater (Depths:1)
  Sonja (D:11)
  A sun demon (Depths:1)
  Nergalle (D:11)
  2 iron trolls (Depths:1)
  4 pharaoh ants
  3 deep trolls
  9 sea snakes
  2 skysharks
  7 orb spiders
  A flayed ghost (Depths:1)
  An arcanist (D:15)
  A lindwurm (Lair:5)
  2 phantasmal warriors (Depths:1)
  2 steelbarb worms (Spider:4)
  An orange crystal statue (Depths:1)
  Pikel (D:5)
  3 necromancers (Depths:1)
  3 orc knights
  6 deep elf pyromancers
  16 harpies
  8 fauns
  2 orc sorcerers
  23 wolf spiders
  8 cyclopes
  4 moths of wrath
  18 manticores
  21 ugly things
  2 kobold blastminers (Orc:2)
  3 meliai (D:14)
  4 black mambas
  5 water nymphs
  4 elephants
  15 merfolk sirens
  A gargoyle (D:12)
  3 molten gargoyles (Lair:5)
  11 cane toads
  2 torpor snails
  A smoke demon (Depths:1)
  Jeremiah (D:8)
  Maggie (D:6)
  A yaktaur (D:15)
  A kobold demonologist (D:12)
  A freezing wraith (D:14)
  11 komodo dragons
  2 unseen horrors
  2 rime drakes
  5 efreet
  A tengu conjurer (Depths:1)
  21 merfolk
  A hornet (shapeshifter) (D:15)
  13 trolls
  29 tarantellas
  7 wind drakes
  15 blink frogs
  15 dream sheep
  9 snapping turtles
  6 slime creatures
  17 culicivoras
  14 jumping spiders
  2 shadows
  9 yaks
  7 wyverns
  5 water elementals
  3 wraiths
  49 redbacks
  2 steam dragons (Lair:5)
  Grum (Lair:1)
  5 basilisks
  5 wargs
  8 vampire mosquitoes
  A harpy simulacrum (D:15)
  4 hell hounds (Lair:5)
  19 water moccasins
  Duvessa (D:6)
  15 orc warriors
  A sky beast (D:7)
  2 black bears
  16 wolves
  An ice beast (D:5)
  20 ogres
  A lemure (D:5)
  6 centaurs
  3 kobold brigands
  3 phantoms
  6 bullfrogs
  Blork the orc (D:5)
  2 gnoll sergeants
  A scorpion (D:5)
  11 wights
  Dowan (D:6)
  2 howler monkeys (D:9)
  An electric eel (Spider:4)
  5 lava snakes (Lair:5)
  5 bombardier beetles
  3 hounds
  2 jellies
  Crazy Yiuf (D:4)
  A gnoll bouda (D:6)
  17 orc priests
  4 sleepcaps (D:6)
  5 iguanas
  17 orc wizards
  7 hell rats (Lair:4)
  8 adders
  8 gnolls (D:6)
  2 river rats (D:5)
  A shadow imp (D:6)
  2 white imps
  5 ufetubi
  2 dart slugs
  4 ribbon worms
  40 orcs
  4 bats
  An endoplasm (D:3)
  5 giant cockroaches
  4 goblins
  6 hobgoblins
  4 jackals (D:1)
  3 quokkas
  6 ball pythons
  2 frilled lizards
  22 kobolds
  8 rats
  A butterfly (Lair:4)
946 creatures vanquished.

Vanquished Creatures (others)
  A tengu conjurer (D:14)
  A water elemental (Shoals:2)
  12 tentacles (Shoals:2)
14 creatures vanquished.

Grand Total: 960 creatures vanquished

Notes
Turn   | Place    | Note
-------+----------+-------------------------------------------
     0 | D:1      | CougarLife the Gargoyle Earth Elementalist began the quest
                  | for the Orb.
     0 | D:1      | Reached XP level 1. HP: 10/10 MP: 3/3
   168 | D:1      | Found Noipoaryi's Armour Emporium.
   291 | D:1      | Reached XP level 2. HP: 15/15 MP: 1/5
   488 | D:1      | Found Pink's Jewellery Emporium.
   809 | D:1      | Found Alap Sohui's Weapon Shop.
  1206 | D:2      | Found a faded altar of an unknown god.
  1355 | D:2      | Reached XP level 3. HP: 19/19 MP: 4/6
  1898 | D:2      | Reached XP level 4. HP: 24/24 MP: 4/8
  2167 | D:3      | Learned a level 3 spell: Stone Arrow
  2313 | D:3      | Reached skill level 5 in Earth Magic
  2313 | D:3      | Reached XP level 5. HP: 27/28 MP: 5/9
  2446 | D:3      | Found an iron altar of Okawaru.
  3026 | D:4      | Found a radiant altar of Vehumet.
  3151 | D:4      | Found a runed translucent door.
  3152 | D:4      | Noticed Crazy Yiuf
  3192 | D:4      | Found a white marble altar of Elyvilon.
  3332 | D:4      | Found a shadowy altar of Dithmenos.
  3332 | D:4      | Noticed a phantom
  3339 | D:4      | Killed a phantom
  3340 | D:4      | Reached XP level 6. HP: 32/32 MP: 6/11
  3581 | D:4      | Killed Crazy Yiuf
  3669 | D:5      | Entered Level 5 of the Dungeon
  3889 | D:5      | Noticed Pikel
  3895 | D:5      | Noticed Blork the orc
  3926 | D:5      | Killed Blork the orc
  3927 | D:5      | Reached XP level 7. HP: 22/36 MP: 0/13
  4215 | D:5      | Found a hazy altar of Hepliaklqana.
  4241 | D:5      | Reached skill level 5 in Conjurations
  4742 | D:5      | Killed Pikel
  4743 | D:5      | Reached skill level 5 in Spellcasting
  4743 | D:5      | Reached XP level 8. HP: 34/41 MP: 0/16
  5442 | D:6      | Reached XP level 9. HP: 45/45 MP: 13/18
  5515 | D:6      | Noticed Duvessa
  5515 | D:6      | Noticed Dowan
  5523 | D:6      | Killed Duvessa
  5526 | D:6      | Killed Dowan
  5705 | D:6      | Found an ancient bone altar of Kikubaaqudgha.
  6024 | D:6      | Found a staircase to the Ecumenical Temple.
  6121 | D:6      | Found a shimmering blue altar of Sif Muna.
  6140 | Temple   | Entered the Ecumenical Temple
  6174 | D:6      | Noticed Maggie
  6181 | D:6      | Killed Maggie
  6670 | D:6      | Found a sparkling altar of Nemelex Xobeh.
  7141 | D:7      | Reached skill level 10 in Earth Magic
  7417 | D:7      | Reached XP level 10. HP: 35/50 MP: 14/21
  8258 | D:8      | Noticed Jeremiah
  8313 | D:8      | Found a staircase to the Lair.
  8318 | D:8      | Identified the +3 ring mail "Duxatas" {rPois rC++ Str-5}
  8358 | D:8      | Killed Jeremiah
  8681 | D:8      | Noticed Erica
  8690 | D:8      | Killed Erica
  9189 | D:8      | Found Mawkeigh's Armour Shop.
  9275 | D:9      | Noticed a two-headed ogre
  9292 | D:9      | Killed a two-headed ogre
  9335 | D:9      | Reached skill level 10 in Conjurations
  9741 | D:9      | Found a bloodstained altar of Trog.
  9830 | D:9      | Found a sacrificial altar of Ru.
 10175 | D:9      | Found a staircase to the Orcish Mines.
 10194 | D:9      | Found a stormy altar of Qazlal.
 10297 | D:9      | Found an opulent altar of Gozag.
 10435 | D:9      | Found Ucomij's Magic Scroll Emporium.
 10438 | D:9      | Bought a scroll of identify for 32 gold pieces
 10438 | D:9      | Bought a scroll of teleportation for 48 gold pieces
 10438 | D:9      | Bought a scroll of identify for 32 gold pieces
 10438 | D:9      | Bought a scroll of blinking for 120 gold pieces
 10525 | D:9      | Became a worshipper of Gozag Ym Sagoz the Greedy
 10535 | D:10     | Entered Level 10 of the Dungeon
 10553 | D:10     | Noticed Fannar
 10579 | D:10     | Noticed a two-headed ogre
 10588 | D:10     | Killed a two-headed ogre
 10740 | D:10     | Reached XP level 11. HP: 54/54 MP: 17/24
 10893 | D:10     | Found a snail-covered altar of Cheibriados.
 11328 | Lair:1   | Entered Level 1 of the Lair of Beasts
 11892 | Lair:1   | Noticed Grum
 12079 | Lair:1   | Killed Grum
 12271 | Lair:1   | Reached skill level 10 in Spellcasting
 13097 | Lair:2   | Reached XP level 12. HP: 59/59 MP: 18/26
 14201 | Lair:2   | Found a staircase to the Shoals.
 14947 | Lair:3   | Noticed a six-headed hydra
 14950 | Lair:3   | Killed a six-headed hydra
 15251 | Lair:3   | Found a hole to the Spider Nest.
 15849 | Lair:3   | Bought a scroll of identify for 26 gold pieces
 15849 | Lair:3   | Bought a scroll of fear for 52 gold pieces
 15911 | Lair:4   | Learned a level 6 spell: Bombard
 16220 | Lair:4   | Noticed a death yak
 16222 | Lair:4   | Noticed a death yak
 16234 | Lair:4   | Noticed a death yak
 16247 | Lair:4   | Killed a death yak
 16269 | Lair:4   | Killed a death yak
 16276 | Lair:4   | Killed a death yak
 16359 | Lair:4   | Noticed a six-headed hydra
 16365 | Lair:4   | Killed a six-headed hydra
 16366 | Lair:4   | Reached skill level 15 in Earth Magic
 16366 | Lair:4   | Reached XP level 13. HP: 54/63 MP: 1/28
 16371 | Lair:4   | HP: 2/63 [eight-headed hydra (6)]
 17270 | Lair:5   | Entered Level 5 of the Lair of Beasts
 18546 | Lair:5   | Found a staircase to the Slime Pits.
 19526 | Lair:5   | Noticed a fire dragon
 19756 | Lair:5   | Found a large runed translucent door.
 19757 | Lair:5   | Found a large runed translucent door.
 21577 | Orc:1    | Entered Level 1 of the Orcish Mines
 21577 | Orc:1    | Noticed an ettin
 21635 | D:10     | Killed Fannar
 22214 | D:11     | Noticed Snorg
 22221 | D:11     | Killed Snorg
 22368 | D:11     | Noticed Nergalle
 22373 | D:11     | Killed Nergalle
 22881 | D:11     | Gained mutation: Your large and strong wings let you fly.
                  | [Gargoyle growth]
 22881 | D:11     | Reached XP level 14. HP: 68/68 MP: 18/31
 23290 | D:11     | Noticed Sonja
 23292 | D:11     | Killed Sonja
 23293 | D:11     | Reached skill level 15 in Conjurations
 23823 | D:11     | Bought a book of Iron for 544 gold pieces
 23823 | D:11     | Bought the Tome of Frigid Spelunking for 748 gold pieces
 23829 | D:11     | Learned a level 5 spell: Freezing Cloud
 23835 | D:11     | Learned a level 5 spell: Lee's Rapid Deconstruction
 26729 | Orc:1    | Found Tifaur's Assorted Antiques.
 26764 | Orc:1    | Bought a scroll of identify for 40 gold pieces
 27059 | Orc:2    | Entered Level 2 of the Orcish Mines
 27059 | Orc:2    | Found Dufa Bun's Weapon Boutique.
 28627 | Orc:2    | Reached XP level 15. HP: 45/72 MP: 17/33
 28717 | Orc:2    | Found Safaong's General Store.
 28726 | Orc:2    | Found Hivubb's Distillery.
 28910 | Orc:2    | Found Heghiler's Distillery.
 28914 | Orc:2    | Bought a scroll of teleportation for 45 gold pieces
 28923 | Orc:2    | Bought a potion of enlightenment for 70 gold pieces
 28923 | Orc:2    | Bought 2 potions of brilliance for 112 gold pieces
 28923 | Orc:2    | Bought a potion of brilliance for 56 gold pieces
 28923 | Orc:2    | Bought a potion of heal wounds for 70 gold pieces
 28923 | Orc:2    | Bought a potion of mutation for 112 gold pieces
 28930 | Orc:2    | Bought a potion of heal wounds for 65 gold pieces
 28930 | Orc:2    | Bought a potion of cancellation for 104 gold pieces
 29933 | Orc:2    | Found a staircase to the Elven Halls.
 30254 | Orc:1    | Bought a jewelled leather armour for 140 gold pieces
 30254 | Orc:1    | Identified the +0 leather armour "Geynkiso" {rElec Dex+2}
                  | (You bought it in a shop on level 1 of the Orcish Mines)
 31303 | D:13     | You are sucked into a shaft and drop 2 floors!
 31303 | D:15     | Entered Level 15 of the Dungeon
 32671 | D:14     | Found a blossoming altar of Fedhas.
 32847 | D:14     | Noticed Nessos
 32850 | D:14     | Killed Nessos
 33612 | D:14     | Found a gate to the Vaults.
 33729 | D:11     | Bought a book of Spontaneous Combustion for 646 gold pieces
 33816 | D:14     | Noticed Agnes
 33969 | D:14     | Killed Agnes
 33970 | D:14     | Reached skill level 1 in Fire Magic
 34174 | D:14     | Reached skill level 15 in Spellcasting
 34277 | D:14     | Reached skill level 1 in Fighting
 35013 | D:15     | Found Ruprat's Specialty Armours.
 35606 | D:15     | Reached XP level 16. HP: 83/83 MP: 16/35
 36126 | D:15     | Found a staircase to the Depths.
 36473 | Shoals:1 | Entered Level 1 of the Shoals
 36560 | Shoals:1 | Reached skill level 5 in Fire Magic
 37212 | Shoals:1 | Noticed Mlioglotl
 37385 | Shoals:1 | Found the +9 sword of Power {lifebolt}
 37399 | Shoals:1 | Noticed Jorgrun
 37410 | Shoals:1 | Killed Jorgrun
 37639 | Shoals:1 | Noticed a kraken
 37649 | Shoals:1 | Killed a kraken
 38785 | Shoals:2 | Reached skill level 5 in Fighting
 39086 | Shoals:1 | Killed Mlioglotl
 39445 | Orc:2    | Bought a scroll of acquirement for 780 gold pieces
 39445 | Orc:2    | Acquired the +7 lajatang of Order {silver, rMut}
 39445 | Orc:2    | Found the +7 lajatang of Order {silver, rMut}
 40252 | Shoals:2 | Noticed Ilsuiw
 40281 | Shoals:2 | Killed Ilsuiw
 40803 | Shoals:2 | Noticed Donald
 40813 | Shoals:2 | Killed Donald
 41125 | Shoals:2 | Noticed a kraken
 41354 | Shoals:2 | Killed a kraken
 42385 | Shoals:3 | Identified the +8 glaive "Evvikhaw" {antimagic, rPois rC+
                  | Will+ Int-3}
 42550 | Shoals:3 | Noticed Nikola
 42573 | Shoals:3 | Killed Nikola
 43712 | Shoals:4 | Entered Level 4 of the Shoals
 44075 | Shoals:4 | Reached XP level 17. HP: 64/96 MP: 1/37
 44220 | Shoals:4 | Found Joutayppybo's Antique Weapon Shoppe.
 45199 | Shoals:4 | Reached skill level 10 in Fire Magic
 45338 | Shoals:4 | Identified the +5 ring mail of Sif Muna's Anger {Harm
                  | rElec}
 47296 | Shoals:4 | Noticed a kraken
 47827 | Shoals:4 | Killed a kraken
 47986 | Shoals:4 | Got a barnacled rune of Zot
 48248 | Spider:1 | Entered Level 1 of the Spider Nest
 51690 | Spider:2 | Reached XP level 18. HP: 106/106 MP: 9/38
 52226 | Spider:2 | Found a runed translucent door.
 52226 | Spider:2 | Noticed HilariousDeathArtist's ghost (adept CoCA)
 52243 | Spider:2 | Killed HilariousDeathArtist's ghost
 53121 | Spider:2 | You are sucked into a shaft and drop 1 floor!
 53726 | Spider:2 | Reached skill level 10 in Fighting
 55598 | Spider:4 | Entered Level 4 of the Spider Nest
 59974 | Spider:4 | Bought a pair of runed gloves for 217 gold pieces
 59974 | Spider:4 | Bought a runed helmet for 217 gold pieces
 61841 | Spider:4 | Got a gossamer rune of Zot
 62282 | Depths:1 | Entered Level 1 of the Depths
 62517 | Depths:1 | Reached skill level 15 in Fire Magic
 62821 | Depths:1 | Noticed a lich
 62828 | Depths:1 | Killed a lich
 62931 | Depths:1 | Reached XP level 19. HP: 81/112 MP: 9/40
 65743 | Depths:1 | Identified the +0 leather armour of Midnight {Str+2 Int+6}
 65957 | Depths:1 | HP: 1/112 [sun demon (11)]
 65957 | Depths:1 | Demolished by a sun demon

Illustrated notes

Levels and vault maps discovered:
D:1:      lightli_arrival_farm, layout_basic, serial_shops, shop,
          nicolae_shop_bloodbath_and_beyond, shop
D:2:      layout_basic, ebering_ecumenical_altar_petrified, minmay_cupped
D:3:      layout_basic, okawaru_metal_pillars_1_2, minmay_misc_feat_four_crosses
D:4:      layout_rooms, fiery_altar_vehumet, nicolae_dithmenos_the_darkroom,
          mainiacjoe_overflow_small_starburst, uniq_crazy_yiuf_cottage
D:5:      layout_loops_ring, kennysheep_little_box, portal_sewer_entry_e,
          uniq_blork_the_orc, uniq_pikel
D:6:      layout_basic, marbit_many_paths, amcnicky_altar_gilded,
          lemuel_crystal_altar, minmay_temple_entry_ruins, minmay_manual_mail,
          uniq_duvessa, uniq_maggie
D:7:      layout_cave_pods, minmay_liquid_box, minmay_misc_feat_diagonals,
          serial_bayou_pond_d, minmay_fractal_squares_5
D:8:      layout_rooms, lair_entry_dummy, serial_shops,
          nicolae_shop_tiny_statue_garden, kennysheep_minor_cross,
          uniq_jeremiah, uniq_erica
D:9:      layout_loops_corners, hangedman_ru_absence, kennysheep_mini,
          mainiacjoe_overflow_catwalk, orc_0_dummy, serial_shops,
          nicolae_shop_rolled_up, kennysheep_diamond, serial_park_tiny_pond,
          minmay_holes, minmay_misc_feat_x
D:10:     layout_long_grid, mainiacjoe_overflow_boulevard, serial_glass,
          glass_columns_b, glass_columns_a, due_unseen_surprise,
          item_on_display_a, item_on_display_a, eino_tiny_chamber,
          hangedman_decor_peaks_small, uniq_fannar
D:11:     layout_stronghold, serial_co_window_serial,
          co_window_of_opportunity_a, co_window_paths_a, co_window_paths_b,
          co_window_paths_b, co_window_corner_a, co_window_of_opportunity_b,
          co_window_cross_4, co_window_corner_cb, co_window_broadway_c,
          co_window_2corner, co_window_2corner, co_window_paths_d,
          glass_columns_a, glass_columns_b, glass_columns_b, glass_columns_a,
          glass_columns_a, uniq_sonja, uniq_snorg, uniq_nergalle
D:12:     minmay_polygon_palace, layout_loops_corners,
          nicolae_houndstooth_variations
D:13:     layout_gridville
D:14:     layout_loops_cross, erik_vaults_1, fedhas_altar_2, uniq_agnes,
          uniq_nessos
D:15:     grunt_enter_depths_snipers, layout_basic,
          chequers_hall_statues_wall_a, nicolae_barding_shop
Temple:   hellmonk_temple_rainy
Lair:1:   layout_cave_pods, uniq_grum
Lair:2:   layout_layer_cave, elwin_shoals_entry_rocks
Lair:3:   layout_cave_pods, hellmonk_spider_entry_life_and_decay,
          grunt_megastairs_1, lemuel_fruit_tree
Lair:4:   layout_regular_city, st_stairs_6, hangedman_lair_generics_rect,
          lemuel_fruit_fields
Lair:5:   cheibrodos_lair_end_hotspot, layout_cave_shapes, slime_entry_1
Shoals:1: layout_shoals, uniq_mlioglotl, uniq_jorgrun
Shoals:2: layout_shoals, uniq_donald, uniq_ilsuiw
Shoals:3: layout_shoals, nicolae_shoals_songs, uniq_nikola
Shoals:4: shoals_end_hangedman, layout_shoals, serial_shops, shop,
          nicolae_shoals_circle_sea_wall
Spider:1: layout_spider_delve, nicolae_spider_paper_wasps
Spider:2: layout_chambers, gammafunk_ghost_grave
Spider:3: nicolae_spider_mines_1, hangedman_spider_tarantella_strand
Spider:4: grunt_spider_rune_circles, nicolae_spider_webs_and_nodes,
          nicolae_crawler_farm
Orc:1:    layout_caves, serial_shops, nicolae_shop_hallway_stairs
Orc:2:    st_orc_open, layout_caves
Depths:1: layout_basic, minmay_fountain_box, hellmouth_2,
          minmay_protected_statue

Skill      XL: |  1  2  3  4  5  6  7  8  9 10 11 12 13 14 15 16 17 18 19 |
---------------+----------------------------------------------------------+-----
Earth Magic    | 4 5 6 7 8 10 11 13 15 16 17 18 | 18.9
Conjurations   | 2 3 4 6 7 8 10 11 13 14 16 17 | 17.2
Spellcasting   | 3 4 5 6 7 9 10 11 13 14 15 16 17 18 | 18.0
Fire Magic     | 4 9 12 15 16 | 16.2
Fighting       | 3 7 9 10 | 10.1
Dodging        | |  1.5
Stealth        | |  2.1

Action                     |  1- 3 |  4- 6 |  7- 9 | 10-12 | 13-15 | 16-18 | 19-21 || total
---------------------------+-------+-------+-------+-------+-------+-------+-------++-------
  Melee: Unarmed           |     1 |       |       |       |       |       |       ||     1
         Dagger            |    13 |     7 |     8 |    86 |    14 |       |       ||   128
         Staff             |       |       |       |       |    12 |    22 |       ||    34
         Lajatang          |       |       |       |       |       |    62 |    38 ||   100
   Cast: Sandblast         |    56 |    65 |   132 |   160 |   109 |    47 |     2 ||   571
         Stone Arrow       |       |     9 |    36 |   118 |    80 |   123 |     3 ||   369
         Bombard           |       |       |       |     6 |   233 |   364 |    53 ||   656
         Freezing Cloud    |       |       |       |       |    66 |   159 |    16 ||   241
         Lee's Rapid Decon |       |       |       |       |    25 |    73 |     5 ||   103
 Invoke: Call Merchant     |       |       |       |     1 |     1 |     1 |       ||     3
  Evoke: Wand              |       |       |       |       |       |       |     1 ||     1
    Use: Scroll            |       |     6 |     1 |    11 |     8 |    12 |     2 ||    40
         Potion            |       |       |       |       |     4 |    15 |       ||    19
   Stab: Distracted        |       |       |       |     1 |       |       |       ||     1
 Armour: Robe              |    34 |    35 |    65 |       |       |       |       ||   134
         Steam dragon scal |       |       |    19 |   197 |   186 |   611 |    81 ||  1094
  Dodge: Dodged            |    44 |    29 |    64 |   308 |   266 |   566 |    74 ||  1351

Table legend: (Time is in decaauts)
 A = Elapsed time spent in this place.
 B = Non-inter-level travel time spent in this place.
 C = Inter-level travel time spent in this place.
 D = Time resting spent in this place.
 E = Time spent auto-exploring this place.
 F = Levels seen in this place.
 G = Mean time per level.
                   A        B        C        D        E       F      G
               +--------+--------+--------+--------+--------+-----+--------+
         Total |  66420 |  63182 |   3238 |  31519 |  16663 |  32 | 2075.6 |
       Dungeon |  23224 |  21724 |   1500 |   8160 |   9321 |  15 | 1548.3 |
        Temple |     11 |      6 |      5 |      0 |      0 |   1 |   11.0 |
          Lair |  10933 |  10216 |    717 |   4608 |   3216 |   5 | 2186.6 |
        Shoals |  11338 |  11035 |    303 |   6846 |   1936 |   4 | 2834.5 |
   Spider Nest |  13672 |  13197 |    475 |   8146 |   1132 |   4 | 3418.0 |
  Orcish Mines |   4023 |   3816 |    207 |   2101 |    939 |   2 | 2011.5 |
        Depths |   3217 |   3188 |     29 |   1658 |    119 |   1 | 3217.0 |
               +--------+--------+--------+--------+--------+-----+--------+

Top non-repeatable levels by time:
Spider:3: 4261 daAuts
Spider:4: 4171 daAuts
Shoals:4: 3326 daAuts
  Lair:5: 3324 daAuts
Depths:1: 3217 daAuts
Spider:2: 2974 daAuts
    D:12: 2755 daAuts
Shoals:1: 2723 daAuts
Shoals:3: 2715 daAuts
Shoals:2: 2572 daAuts
    D:15: 2388 daAuts
  Lair:2: 2320 daAuts
Spider:1: 2265 daAuts
   Orc:2: 2051 daAuts
  Lair:1: 2038 daAuts
